 Dungeon Crawl Stone Soup version 0.31-a0-240-gb923e448b6 (webtiles) character file.

Game seed: 7094534994594459428

100 British0li the Sneak (level 4, 0/37 HPs)
             Began as a Demonspawn Delver on July 11, 2023.
             Succumbed to a scorpion's poison
             ... on level 4 of the Dungeon.
             The game lasted 00:01:06 (102 turns).

British0li the Sneak (Demonspawn Delver)             Turns: 102, Time: 00:01:07

Health: 0/37       AC:  3    Str: 15    XL:     4   Next: 46%
Magic:  4/4        EV: 12    Int: 11    God:
Gold:   0          SH:  0    Dex: 14    Spells: 3/3 levels left

rFire   + . .        a - +0 falchion
rCold   . . .        (no shield)
rNeg    . . .        b - +0 leather armour
rPois   .            (no helmet)
rElec   .            (no cloak)
rCorr   .            (no gloves)
SInv    .            (no boots)
Will    .....        (no amulet)
Stlth   +++          d - ring of protection from fire
HPRegen 0.26/turn    (no ring)
MPRegen 0.09/turn

%: no passive effects
@: lethally poisoned (0 -> 0)
A: powered by pain 2
a: no special abilities


You were on level 4 of the Dungeon.
You visited 1 branch of the dungeon, and saw 2 of its levels.

Inventory:

Hand Weapons
 a - a +0 falchion (weapon)
Armour
 b - a +0 leather armour (worn)
Jewellery
 d - a ring of protection from fire (left hand)
Wands
 g - a wand of digging (3)
Scrolls
 c - a scroll of fog
 e - a scroll of fear
 h - a scroll of noise {unknown}
Potions
 f - a potion of haste


   Skills:
 + Level 3.6 Fighting
 + Level 2.6 Long Blades
 + Level 1.1 Armour
 + Level 2.6 Dodging
 - Level 4.7 Stealth


You had 3 spell levels left.
You didn't know any spells.
Your spell library was empty.

Dungeon Overview and Level Annotations

Branches:
Dungeon (5/15)
 Temple: D:4-7

Altars:


Innate Abilities, Weirdness & Mutations

You sometimes gain power by taking damage.


Message History

The scorpion stings you.
You hit the scorpion but do no damage.
The scorpion is heavily wounded.
The scorpion stings you.
You hit the scorpion.
The scorpion is severely wounded.
The scorpion closely misses you. The scorpion stings you.
You are lethally poisoned!
The scorpion poisons you!
You hit the scorpion.
The scorpion is almost dead.
* * * LOW HITPOINT WARNING * * *
You feel very sick.
The scorpion stings you but does no damage.
You hit the scorpion.
You kill the scorpion!
* * * LOW HITPOINT WARNING * * *
You feel very sick.
Your Armour skill increases to level 1!
You have reached level 4!
You feel stronger.
Your demonic ancestry asserts itself...
You feel even more energised by your suffering.
Okay, then.
There is a lethal amount of poison in your body!
* * * LOW HITPOINT WARNING * * *
You feel sick.
Found 12 gold pieces and a glowing grey potion.
* * * LOW HITPOINT WARNING * * *
You feel sick.
* * * LOW HITPOINT WARNING * * *
You feel sick.
* * * LOW HITPOINT WARNING * * *
You feel sick.
An ogre comes into view. It is wielding a +0 giant spiked club.
* * * LOW HITPOINT WARNING * * *
You feel sick.
* * * LOW HITPOINT WARNING * * *
You feel sick.
The ogre shouts!
You die...

#.<.♣. ##.... .. #....
.# ##...# #. ######.#
#...s# .. #......# #
+.♣.# #. +.O...##.##
#...# #.. #.........#
##.## #.###..!......
#..#### #...#.@.$.....
###.....### #...........
..........###...######.#
########......#..#
#.........#
#...####.#...# #...###
#..>...# #.## ###......
.. ####..


You could see an ogre.

Vanquished Creatures
  A scorpion (D:4)
  A hound (D:4)
  An adder (D:4)
3 creatures vanquished.

Notes
Turn   | Place    | Note
-------+----------+-------------------------------------------
     0 | D:5      | British0li the Demonspawn Delver began the quest for the
                  | Orb.
     0 | D:5      | Reached XP level 1. HP: 18/18 MP: 1/1
    10 | D:5      | Noticed a black bear
    37 | D:4      | Noticed a hound
    44 | D:4      | Killed a hound
    45 | D:4      | Gained mutation: You sometimes gain a little power by
                  | taking damage. [demonic ancestry]
    45 | D:4      | Reached XP level 2. HP: 21/24 MP: 2/2
    45 | D:4      | Reached XP level 3. HP: 26/29 MP: 3/3
    74 | D:4      | Noticed a scorpion
    95 | D:4      | Killed a scorpion
    96 | D:4      | Reached skill level 1 in Armour
    96 | D:4      | Gained mutation: You sometimes gain power by taking damage.
                  | [demonic ancestry]
    96 | D:4      | Reached XP level 4. HP: 7/37 MP: 4/4
   100 | D:4      | Noticed an ogre
   101 | D:4      | HP: 1/37 [poisoned by a scorpion]
   102 | D:4      | Succumbed to a scorpion's poison

Illustrated notes

Levels and vault maps discovered:
D:4:      layout_rooms, pf_just_have_faith, portal_sewer_entry_f,
          grunt_ministairs_13, uniq_blork_the_orc
D:5:      layout_gridville, makhleb_altar_promises_db, grunt_decor_resistance,
          uniq_edmund, uniq_duvessa

Skill      XL: |  1  2  3 |
---------------+----------+-----
Long Blades    | 2 |  2.6
Dodging        | 2 |  2.6
Armour         | 1 |  1.1
Fighting       | |  3.6
Stealth        | |  4.7

Action                     |  1- 3 |  4- 6 || total
---------------------------+-------+-------++-------
  Melee: Falchion          |    17 |       ||    17
         Punch             |     1 |       ||     1
    Use: Scroll            |     1 |       ||     1
   Stab: Sleeping          |     1 |       ||     1
 Armour: Leather armour    |     7 |       ||     7
  Dodge: Dodged            |     8 |       ||     8

Table legend: (Time is in decaauts)
 A = Elapsed time spent in this place.
 B = Non-inter-level travel time spent in this place.
 C = Inter-level travel time spent in this place.
 D = Time resting spent in this place.
 E = Time spent auto-exploring this place.
 F = Levels seen in this place.
 G = Mean time per level.
                   A        B        C        D        E       F      G
               +--------+--------+--------+--------+--------+-----+--------+
         Total |    104 |    104 |      0 |      0 |     38 |   2 |   52.0 |
       Dungeon |    104 |    104 |      0 |      0 |     38 |   2 |   52.0 |
               +--------+--------+--------+--------+--------+-----+--------+

Top non-repeatable levels by time:
     D:4: 85 daAuts
     D:5: 19 daAuts
